 Dungeon Crawl Stone Soup version 0.29.1-1-gd02db69 (webtiles) character file.

Game seed: 8576396312797887393

1965 Kel the Grappler (level 9, -4/89 HPs)
             Began as a Troll Fighter on Jan 26, 2023.
             Was a Follower of Wu Jian.
             Slain by a gnoll sergeant
             ... wielding the +12 spear "Risi" {venom, rElec Will- Int+3 Stlth+}
              (13 damage)
             ... on level 6 of the Dungeon.
             The game lasted 00:13:27 (4430 turns).

Kel the Grappler (Troll Fighter)                    Turns: 4430, Time: 00:13:28

Health: -4/89      AC:  7    Str: 29    XL:     9   Next: 0%
Magic:  8/8        EV:  9    Int:  3    God:    Wu Jian [*.....]
Gold:   373        SH:  7    Dex: 10    Spells: 8/8 levels left

rFire   x . .      SeeInvis .     - Unarmed
rCold   + . .      Faith    .   b - +0 kite shield
rNeg    + + .      Spirit   .   a - +0 robe
rPois   +          Reflect  .   (helmet restricted)
rElec   .          Harm     .   s - +2 ratskin cloak {*Rats rPois rN+ Str-1 Int-1 Dex+1}
rCorr   .          Rampage  .   (gloves unavailable)
Will    .....                   (boots unavailable)
Stlth   +.........              (no amulet)
HPRegen 1.04/turn               d - ring of ice
MPRegen 0.11/turn               q - ring of positive energy

@: lethally poisoned (-4 -> -6), weakened
A: large, unfitting armour, claws 3, regeneration 1, shaggy fur 1, tough skin 1
a: Renounce Religion


You were on level 6 of the Dungeon.
You worshipped Wu Jian.
Wu Jian was aware of your devotion.
You visited 2 branches of the dungeon, and saw 7 of its levels.

You collected 373 gold pieces.

Inventory:

Armour
 a - a +0 robe (worn)
 b - a +0 kite shield (worn)
 s - the +2 ratskin cloak (worn) {*Rats rPois rN+ Str-1 Int-1 Dex+1}
   (You found it on level 6 of the Dungeon)

   When the wearer is hurt, rats may emerge from it to assist them.
   Str:       It affects your strength (-1).
   Int:       It affects your intelligence (-1).
   Dex:       It affects your dexterity (+1).
   rPois:     It protects you from poison.
   rN:        It protects you from negative energy.
Jewellery
 d - a ring of ice (left claw)
 q - a ring of positive energy (right claw)
Scrolls
 h - 3 scrolls of noise {unknown}
 j - a scroll of poison {unknown}
 k - a scroll of vulnerability {unknown}
 l - 2 scrolls of teleportation {unknown}
 n - a scroll of acquirement {unknown}
 o - 2 scrolls of magic mapping {unknown}
 p - 3 scrolls of identify {unknown}
 t - a scroll of brand weapon {unknown}
 u - 2 scrolls of fog {unknown}
Potions
 c - 2 potions of might
 e - 3 potions of lignification {unknown}
 f - 2 potions of mutation {unknown}
 g - a potion of berserk rage {unknown}
 i - a potion of curing {unknown}
 m - a potion of flight {unknown}
 r - 2 potions of heal wounds {unknown}


   Skills:
 + Level 6.1 Fighting
 - Level 2.8 Dodging
 - Level 3.1 Shields
 * Level 9.5 Unarmed Combat


You had 8 spell levels left.
You didn't know any spells.
Your spell library was empty.

Dungeon Overview and Level Annotations

Branches:
Dungeon (6/15)             Temple (1/1) D:4

Altars:
Ashenzari
Cheibriados
Dithmenos
Elyvilon
Fedhas
Gozag
Hepliaklqana
Kikubaaqudgha
Makhleb
Nemelex Xobeh
Okawaru
Qazlal
Ru
Sif Muna
Uskayaw
Vehumet
Wu Jian
Yredelemnul
Zin
The Shining One

Annotations:
D:6 1 transporter, mdmota's ghost, novice DjCK


Innate Abilities, Weirdness & Mutations

You are too large for most types of armour.
You have claws for hands.
Your natural rate of healing is unusually fast.
You are covered in fur. (AC +1)
You have tough skin. (AC +1)


Message History

The gnoll sergeant is lightly wounded.
You feel sick. The gnoll misses you. The gnoll barely misses you.
The gnoll bouda calls upon its god to heal the gnoll sergeant.
The gnoll sergeant's wounds heal themselves!
The gnoll sergeant hits you but does no damage.
The gnoll sergeant barely misses you.
You barely miss the gnoll sergeant.
You feel sick. The gnoll misses you. You block the gnoll's attack.
The gnoll sergeant hits you but does no damage.
You lunge at the gnoll sergeant.
You completely miss the gnoll sergeant.
You spin and attack the gnoll sergeant.
You barely miss the gnoll sergeant.
You feel sick. You block the gnoll's attack. The gnoll completely misses you.
The gnoll bouda gazes fiercely through you!
You feel your attacks grow feeble. You block the gnoll bouda's attack.
The gnoll sergeant closely misses you. The gnoll sergeant barely misses you.
The gnoll hits you from afar with a +1 halberd of venom!
The gnoll sergeant hits you with a +2 trident of venom.
You are more poisoned.
There is an open translucent door, spattered with blood here.
You completely miss the gnoll sergeant.
You feel sick.
The gnoll hits you from afar with a +0 halberd.
* * * LOW HITPOINT WARNING * * *
You block the gnoll sergeant's attack. You block the gnoll's attack.
The gnoll bouda gazes fiercely through you!
You feel as though you will be weak longer.
You block the gnoll bouda's attack.
The gnoll sergeant hits you from afar with the +12 spear "Risi" {venom, rElec Will- Int+3 Stlth+}!
* * * LOW HITPOINT WARNING * * *
A river rat scurries out from under your cloak.
You claw the gnoll sergeant!
The gnoll sergeant is moderately wounded.
You feel very sick. The gnoll sergeant barely misses you.
The gnoll completely misses you.
The gnoll hits you from afar with a +0 halberd.
* * * LOW HITPOINT WARNING * * *
The gnoll hits you but does no damage. The gnoll bouda completely misses you.
The gnoll sergeant barely misses you.
The gnoll sergeant hits you from afar with the +12 spear "Risi" {venom, rElec Will- Int+3 Stlth+}!
You die...

....)..............######.###.###
##.........[.....................
....≈≈≈≈≈≈≈≈≈≈≈...≈≈≈≈≈≈≈≈≈≈≈...#
###.≈≈≈≈≈≈≈≈≈≈≈...≈≈≈≈≈≈≈≈≈≈≈.#.#
#.≈≈#####...........#####≈≈.#.#
#.≈≈#.#.#.###.©.###.#.#W#≈≈...#
#.≈≈#g..###.#####.###...#≈≈...#
###.≈≈###......gggg.....###≈≈.#.#
....≈≈.8#.######@######.#8.≈≈.#..
##..≈≈.##.#[? #8g.#.⌠.#.##.≈≈.#.#
##.~~.#g.'$ #rg.g...'..#.~~.#.#
#.≈≈.##.# #8..#.⌠.#.##.≈≈.#.#
#.≈≈.8#.######'######.#8.≈≈...#
#.≈≈###............g..###≈≈.^.#
###.≈≈#...###.#####g###.gg#≈≈.#.#
....≈≈#W#.#.###.©.###.#.#g#≈≈.#.#
##..≈≈#####...........#####≈≈.#.#


You could see 3 gnoll sergeants, a gnoll bouda, 3 gnolls and a friendly river
rat.

Vanquished Creatures
  Edmund (D:4)
  A water moccasin (D:6)
  2 black bears (D:6)
  An ogre (D:5)
  A centaur (D:5)
  2 phantoms (D:5)
  A kobold brigand (D:4)
  A necrophage (D:4)
  3 scorpions (D:5)
  4 killer bees (D:6)
  A howler monkey (D:5)
  A jelly (D:6)
  2 orc priests (D:6)
  6 hounds
  4 iguanas
  2 orc wizards
  8 gnolls
  3 adders
  2 ufetubi (D:6)
  A worm (D:2)
  4 dart slugs
  11 orcs
  11 ball pythons
  7 bats
  5 endoplasms
  4 giant cockroaches
  5 goblins
  10 hobgoblins
  5 jackals
  2 frilled lizards
  9 kobolds
  9 rats
129 creatures vanquished.

Vanquished Creatures (collateral kills)
  A water moccasin (D:6)
1 creature vanquished.

Vanquished Creatures (others)
  6 plants (D:6)
6 creatures vanquished.

Grand Total: 136 creatures vanquished

Notes
Turn   | Place    | Note
-------+----------+-------------------------------------------
     0 | D:1      | Kel the Troll Fighter began the quest for the Orb.
     0 | D:1      | Reached XP level 1. HP: 22/22 MP: 0/0
   114 | D:1      | Reached XP level 2. HP: 29/29 MP: 1/1
   362 | D:1      | Found a faded altar of an unknown god.
   620 | D:1      | Reached XP level 3. HP: 32/36 MP: 2/2
   770 | D:2      | Found a hide-covered altar of Uskayaw.
  1458 | D:3      | Reached XP level 4. HP: 27/44 MP: 3/3
  1509 | D:3      | Reached skill level 3 in Unarmed Combat
  2008 | D:4      | Found a staircase to the Ecumenical Temple.
  2038 | Temple   | Entered the Ecumenical Temple
  2153 | Temple   | Became a worshipper of the Wu Jian Council
  2188 | D:4      | Found a hazy altar of Hepliaklqana.
  2239 | D:4      | Reached XP level 5. HP: 53/53 MP: 4/4
  2250 | D:4      | Identified the +0 mace of the Other Side {vorpal, rF+
                  | Int+3}
  2294 | D:4      | Found a shadowy altar of Dithmenos.
  2372 | D:4      | Reached skill level 4 in Unarmed Combat
  2421 | D:4      | Reached skill level 5 in Unarmed Combat
  2421 | D:4      | Reached XP level 6. HP: 62/62 MP: 5/5
  2461 | D:4      | Noticed Edmund
  2476 | D:4      | HP: 2/62 [Edmund/+3 flail of protection (12)]
  2477 | D:4      | Killed Edmund
  2911 | D:5      | Entered Level 5 of the Dungeon
  3033 | D:5      | Reached XP level 7. HP: 61/70 MP: 6/6
  3036 | D:5      | Reached skill level 6 in Unarmed Combat
  3155 | D:5      | Found a glowing golden altar of the Shining One.
  3423 | D:5      | Reached skill level 7 in Unarmed Combat
  3425 | D:5      | Reached * piety under Wu Jian
  3437 | D:5      | Reached skill level 5 in Fighting
  3437 | D:5      | Reached XP level 8. HP: 66/80 MP: 7/7
  3457 | D:5      | Found a basalt altar of Yredelemnul.
  3500 | D:5      | Found a blossoming altar of Fedhas.
  3653 | D:6      | Found the +2 ratskin cloak {*Rats rPois rN+ Str-1 Int-1
                  | Dex+1}
  3662 | D:6      | Reached skill level 8 in Unarmed Combat
  3849 | D:6      | Found a transporter.
  3890 | D:6      | Found a burning altar of Makhleb.
  3943 | D:6      | Identified the +12 spear "Risi" {venom, rElec Will- Int+3
                  | Stlth+}
  3946 | D:6      | Noticed mdmota's ghost (novice DjCK)
  3964 | D:6      | Found a transporter.
  4030 | D:6      | Reached skill level 9 in Unarmed Combat
  4347 | D:6      | Found a snail-covered altar of Cheibriados.
  4423 | D:6      | Reached XP level 9. HP: 77/89 MP: 8/8
  4430 | D:6      | Slain by a gnoll sergeant

Illustrated notes

Levels and vault maps discovered:
D:1:      dpeg_arrival_brainrot, layout_basic,
          shapermc_ecumenical_altar_totnotflames
D:2:      layout_loops_ring, basic_altar, chequers_serial_rivers_micro_d
D:3:      layout_rooms
D:4:      minmay_clustersquares, layout_cave_pods, mainiacjoe_overflow_24_doors,
          mainiacjoe_overflow_concentric_impassable,
          minmay_temple_entry_mini_moons, nrook_loot_triangle, uniq_edmund
D:5:      minmay_skewed_foursquare, layout_basic, kennysheep_mini,
          mainiacjoe_overflow_cross_hatched, old_standard_altar
D:6:      layout_loops_ring, lemuel_coloured_pillars_altar, bloody_makhleb,
          gammafunk_ghost_gnarly_gnolls
Temple:   nicolae_temple_ecumenical_triangle

Skill      XL: |  1  2  3  4  5  6  7  8 |
---------------+-------------------------+-----
Shields        | 3 |  3.1
Unarmed Combat | 3 5 7 9 |  9.5
Fighting       | 3 4 5 6 |  6.1
Dodging        | |  2.8

Action                   |  1- 3 |  4- 6 |  7- 9 || total
-------------------------+-------+-------+-------++-------
Melee: Unarmed           |   119 |   128 |   142 ||   389
Invok: Lunge             |       |     5 |     9 ||    14
       Whirlwind         |       |       |     1 ||     1
  Use: Scroll            |       |     1 |       ||     1
 Stab: Sleeping          |     1 |     1 |       ||     2
Armor: Robe              |    37 |    37 |    60 ||   134
Dodge: Dodged            |    45 |    38 |    75 ||   158
Block: Kite shield       |    53 |    52 |    50 ||   155
